 Dungeon Crawl Stone Soup version 0.25-a0-102-gbfa96ce22d (webtiles) character file.

Game seed: 17498883823006735105, levelgen mode: deterministic

14 vurker the Magician (level 2, -4/20 HPs)
             Began as a Mummy Fire Elementalist on Nov 15, 2019.
             Killed by a distortion unwield (24 damage)
             ... on level 2 of the Dungeon.
             The game lasted 00:00:55 (1037 turns).

vurker the Magician (Mummy Fire Elementalist)       Turns: 1037, Time: 00:00:55

Health: -4/20      AC:  2    Str: 11    XL:     2   Next: 31%
Magic:  6/6        EV: 12    Int: 14    God:
Gold:   41         SH:  0    Dex: 12    Spells: 6/7 levels left

rFire    x . .     SeeInvis .   (no weapon)
rCold    + . .     Gourm    .   (no shield)
rNeg     + + +     Faith    .   a - +0 robe
rPois    ∞         Spirit   .   (no helmet)
rElec    .         Reflect  .   (no cloak)
rCorr    .         Harm     +   (no gloves)
MR       .....                  (no boots)
Stlth    ++........             d - amulet of harm
HPRegen  0.06/turn              (no ring)
MPRegen  0.10/turn              (no ring)

@: no status effects
A: no food or potions, fire vulnerability, cold resistance 1, negative energy
resistance 3, torment resistance, unbreathing
a: no special abilities


You were on level 2 of the Dungeon.
You were not hungry.

You visited 1 branch of the dungeon, and saw 2 of its levels.

You collected 41 gold pieces.

Inventory:

Hand Weapons
 c - a +0 dagger
   (You found it on level 1 of the Dungeon)
 e - a +0 dagger of distortion
   (You found it on level 2 of the Dungeon)
Armour
 a - a +0 robe (worn)
Jewellery
 d - an amulet of harm (around neck)
   (You found it on level 1 of the Dungeon)
Scrolls
 b - 3 scrolls of remove curse {unknown}


   Skills:
 + Level 0.4 Fighting
 - Level 1.5 Dodging
 - Level 1.5 Stealth
 * Level 3.1 Spellcasting
 * Level 1.1 Conjurations
 * Level 2.6 Fire Magic


You had 6 spell levels left.
You knew the following spells:

 Your Spells              Type           Power        Failure   Level  Hunger
a - Flame Tongue          Conj/Fire      #....        10%         1    N/A

Your spell library contained the following spells:

 Spells                   Type           Power        Failure   Level  Hunger
 Throw Flame              Conj/Fire      #.....       14%         2    N/A
 Conjure Flame            Conj/Fire      #.......     28%         3    N/A
 Inner Flame              Hex/Fire       #.......     36%         3    N/A
 Sticky Flame             Conj/Fire      #.......     67%         4    N/A
 Fireball                 Conj/Fire      #.........   95%         5    N/A

Dungeon Overview and Level Annotations

Branches:
Dungeon (2/15)

Altars:


Innate Abilities, Weirdness & Mutations

You do not eat or drink.
Your flesh is vulnerable to fire.
You are immune to poison.
Your flesh is cold resistant. (rC+)
You are immune to negative energy. (rN+++)
You are immune to unholy pain and torment.
You can survive without breathing.


Message History

The flame tongue hits the bat.
You kill the bat!
You can't see any susceptible monsters within range! (Use Z to cast anyway.)
You see here 16 stones.
Things that are here:
a stone; a +0 club Done exploring.
Done exploring.
Done exploring.
Things that are here:
a stone; a +0 club You see here 16 stones.
There is a stone staircase leading down here.
You climb downwards.
A bat comes into view.
Found 15 stones and 7 gold pieces.
There is a stone staircase leading up here.
Aim: a bat (resting)
The flame tongue hits the bat.
You kill the bat!
You can't see any susceptible monsters within range! (Use Z to cast anyway.)
You can't see any susceptible monsters within range! (Use Z to cast anyway.)
A goblin comes into view.
Found a dagger.
A goblin is nearby!
You can't see any susceptible monsters within range! (Use Z to cast anyway.)
You can't see any susceptible monsters within range! (Use Z to cast anyway.)
You can't see any susceptible monsters within range! (Use Z to cast anyway.)
You can't see any susceptible monsters within range! (Use Z to cast anyway.)
Aim: a goblin (resting)
The flame tongue hits the goblin.
The goblin shouts!
Aim: a goblin (severely wounded)
The flame tongue hits the goblin!
You kill the goblin!
You can't see any susceptible monsters within range! (Use Z to cast anyway.)
You can't see any susceptible monsters within range! (Use Z to cast anyway.)
You now have 41 gold pieces (gained 7).
Found an escape hatch in the ceiling.
Found a glowing dagger, 15 stones and a fuming brown potion.
Found a spear and a scroll labeled ELAPPA LERIEGH.
You see here a glowing dagger.
e - a glowing dagger Space warps around you for a moment!
e - a +0 dagger of distortion (weapon)
Drop what? 5/52 slots (_ for help) (? for menu, Esc to quit)
Really unwield
e - a +0 dagger of distortion?
Space warps crazily around you!
Ouch! That really hurt!
You die...

#(##.##..†..# ..
#.###....... ##
#.# ###.### #.#
# #.# #.# #.#
#..##.######.#
#.......@..(.#
.....##.#<..####
...! )......#
.#. #####...# #
##..# #... #?###
#.#


There were no monsters in sight!

Vanquished Creatures
  A goblin (D:2)
  2 hobgoblins (D:1)
  6 kobolds (D:1)
  3 bats
  2 rats (D:1)
14 creatures vanquished.

Notes
Turn   | Place    | Note
-------+----------+-------------------------------------------
     0 | D:1      | vurker the Mummy Fire Elementalist began the quest for the
                  | Orb.
     0 | D:1      | Reached XP level 1. HP: 13/13 MP: 4/4
   421 | D:1      | Reached skill level 1 in Conjurations
   643 | D:1      | Reached skill level 3 in Spellcasting
   643 | D:1      | Reached XP level 2. HP: 20/20 MP: 3/6
  1037 | D:2      | Killed by a distortion unwield

Levels and vault maps discovered:
D:1:      dpeg_arrival_simpleton_c, layout_basic, minivault_23
D:2:      layout_loops_ring, overflow_temple_1_default, first_ration

Skill      XL: |  1 |
---------------+----+-----
Conjurations   | 1 |  1.1
Spellcasting   | 3 |  3.1
Fighting       | |  0.4
Dodging        | |  1.5
Stealth        | |  1.5
Fire Magic     | |  2.6

Action                   || total
-------------------------++-------
Melee: Unarmed           ||     1
 Cast: Flame Tongue      ||    21
Armor: Robe              ||     3
Dodge: Dodged            ||     8

Table legend:
 A = Non-vault XP
 B = Vault XP
 C = Vault XP percentage of total XP
 D = Non-vault monster count
 E = Vault monster count
 F = Vault count percentage of total count
                 A         B        C        D         E       F
            +---------+---------+-------+---------+---------+-------
      Total |      21 |       0 |   0.0 |      14 |       0 |   0.0
            +---------+---------+-------+---------+---------+-------
        D:1 |      18 |       0 |   0.0 |      12 |       0 |   0.0
        D:2 |       3 |       0 |   0.0 |       2 |       0 |   0.0
            +---------+---------+-------+---------+---------+-------
